 Dungeon Crawl Stone Soup version 0.23.2-30-g0e89c35649 (webtiles) character file.

Game seed: 2658973544054732707

1793 Masnef the Firebug (level 8, -7/41 HPs)
             Began as a Deep Elf Fire Elementalist on June 24, 2019.
             Was an Initiate of Vehumet.
             Shot with a bolt by an orc warrior (22 damage)
             ... in a bailey.
             The game lasted 00:22:39 (8615 turns).

Masnef the Firebug (Deep Elf Fire Elementalist)     Turns: 8615, Time: 00:22:39

Health: -7/41      AC:  4    Str:  5    XL:     8   Next: 82%
Magic:  0/17       EV: 14    Int: 23    God:    Vehumet [......]
Gold:   53         SH:  4    Dex: 15    Spells: 2/17 levels left

rFire    . . .     SeeInvis .   d - +3 short sword (speed)
rCold    . . .     Gourm    .   E - +0 buckler
rNeg     . . .     Faith    .   a - +1 robe
rPois    .         Spirit   +   s - +0 helmet (curse)
rElec    .         Reflect  .   (no cloak)
rCorr    .         Harm     .   (no gloves)
MR       .....                  (no boots)
Stlth    +++.......             o - amulet of guardian spirit
HPRegen  0.13/turn              (no ring)
MPRegen  0.15/turn              (no ring)

@: no status effects
A: no striking features
a: Renounce Religion


You were in a bailey.
You worshipped Vehumet.
Vehumet was noncommittal.
You were not hungry.

You visited 1 branch of the dungeon, and saw 7 of its levels.
You also visited: Bailey.

You collected 344 gold pieces.
You spent 291 gold pieces at shops.

Inventory:

Hand Weapons
 d - a +3 short sword of speed (weapon)
 g - a +0 whip
 r - the +3 dagger "Earthworm" {antimagic, rElec rC+}
   (You bought it in a shop on level 4 of the Dungeon)

   It reduces the magical energy of the wielder, and disrupts the spells and
   magical abilities of those hit.
   Natural abilities and divine invocations are not affected.
   It protects you from cold.
   It insulates you from electricity.
 C - the +3 hand axe "Fujelud" {flame, rPois MP-9 Int+5 Dex+2}
   (You found it on level 6 of the Dungeon)

   It has been specially enchanted to burn those struck by it, causing extra
   injury to most foes and up to half again as much damage against particularly
   susceptible opponents.
   Big, fiery blades are also staple armaments of hydra-hunters.
   It affects your intelligence (+5).
   It affects your dexterity (+2).
   It protects you from poison.
   It affects your magic capacity (-9).
 D - a +2 quarterstaff of protection
Armour
 a - a +1 robe (worn)
 q - a +1 hat
 s - a cursed +0 helmet (worn)
 B - a +3 leather armour of poison resistance
 E - a +0 buckler (worn)
Jewellery
 o - an amulet of guardian spirit (around neck)
Wands
 l - a wand of disintegration (13)
 m - a wand of digging (3)
 n - a wand of iceblast (7)
Scrolls
 e - a scroll of identify
 f - 2 scrolls of teleportation
 j - a scroll of immolation {unknown}
 p - a scroll of fear
 t - a scroll of magic mapping
 w - a scroll of random uselessness {unknown}
 y - a scroll of remove curse {unknown}
 F - 2 scrolls of amnesia
Potions
 b - a potion of invisibility
 h - a potion of might {unknown}
 i - 2 potions of brilliance
 k - 3 potions of curing {unknown}
 u - a potion of berserk rage {unknown}
 v - a potion of cancellation {unknown}
 x - 2 potions of lignification {unknown}
 z - a potion of degeneration {unknown}
 A - a potion of agility {unknown}
 G - a potion of heal wounds
Comestibles
 c - 10 rations


   Skills:
 - Level 0.3 Fighting
 - Level 3.3 Short Blades
 - Level 4.4 Dodging
 - Level 4.2 Stealth
 + Level 2.1 Shields
 - Level 5.0 Spellcasting
 - Level 7.3 Conjurations
 - Level 7.4 Fire Magic


You had 2 spell levels left.
You knew the following spells:

 Your Spells              Type           Power        Failure   Level  Hunger
a - Flame Tongue          Conj/Fire      #####        1%          1    None
b - Throw Flame           Conj/Fire      #####.       1%          2    None
c - Sticky Flame          Conj/Fire      #####...     6%          4    ####...
d - Fireball              Conj/Fire      #####.....   16%         5    #####..
e - Inner Flame           Hex/Fire       ###.....     8%          3    ##.....

Your spell library contained the following spells:

 Spells                   Type           Power        Failure   Level  Hunger
 Sandblast                Erth           #.....       12%         1    None
 Passwall                 Tmut/Erth      #.......     19%         2    None
 Conjure Flame            Conj/Fire      #####...     1%          3    ##.....
 Stone Arrow              Conj/Erth      ###...       9%          3    ##.....
 Petrify                  Tmut/Erth      #.......     75%         4    ####...
 Lee's Rapid Deconstruct  Erth           #.........   97%         5    #####..


Dungeon Overview and Level Annotations

Branches:
Dungeon (7/15)
 Temple: D:4-7

Altars:
Dithmenos
Okawaru
Uskayaw
Vehumet
The Shining One

Shops:
D:4 (*

Annotations:
D:3 2 transporters, BorisKarlOrff's ghost, amateur MiCK


Message History

Aim: an orc warrior, wielding a +0 arbalest and wearing a +0 ring mail (severely wounded)
The puff of flame misses the orc warrior.
The orc warrior shoots a bolt.
The bolt misses you.
Casting: Throw Flame (safe; 1% risk of failure)
Confirm with . or Enter, or press ? or * to list all spells.
Aiming: Flame Tongue (safe; 1% risk of failure)
Press: ? - help, Shift-Dir - straight line, f/p - orc warrior
Aim: an orc warrior, wielding a +0 arbalest and wearing a +0 ring mail (severely wounded)
The flame tongue misses the orc warrior.
Casting: Flame Tongue (safe; 1% risk of failure)
Confirm with . or Enter, or press ? or * to list all spells.
Aiming: Flame Tongue (safe; 1% risk of failure)
Press: ? - help, Shift-Dir - straight line, f/p - orc warrior
Aim: an orc warrior, wielding a +0 arbalest and wearing a +0 ring mail (severely wounded)
The flame tongue misses the orc warrior.
The orc warrior shoots a bolt.
The bolt hits you!!
Ouch! That really hurt!
The orc warrior shoots a bolt.
The bolt hits you!!
Ouch! That really hurt!
You die...

#∩.(........
#.∩((........
#...(........
#............
#............
#............
#(......≈≈≈≈≈
#......≈≈#)#
#....@.§##.#
#......§o.^..
#......≈##.∩#
#......≈≈# #≈
#.......≈≈≈
#...........
#............
#........o...


You could see 2 orc warriors.

Vanquished Creatures
  Prince Ribbit (D:5)
  Eustachio (D:5)
  An orc warrior (D:6)
  2 ice beasts
  3 ogres
  A centaur (D:5)
  2 bullfrogs (D:6)
  A scorpion (D:5)
  4 orc priests
  2 orc wizards
  An iguana (D:5)
  Natasha (thrice) (D:2)
  3 worker ants
  A hound zombie (D:5)
  2 hound skeletons (D:4)
  Robin (D:3)
  5 gnolls
  8 adders
  An ooze (D:2)
  An adder skeleton (D:4)
  5 worms
  3 dart slugs
  3 leopard geckos
  6 orcs
  5 bats
  2 giant cockroaches
  18 goblins
  13 hobgoblins
  8 jackals
  2 quokkas
  A ball python (D:2)
  10 frilled lizards
  15 kobolds
  A leopard gecko skeleton (D:4)
  A leopard gecko zombie (D:6)
  7 rats
144 creatures vanquished.

Notes
Turn   | Place    | Note
-------+----------+-------------------------------------------
     0 | D:1      | Masnef the Deep Elf Fire Elementalist began the quest for
                  | the Orb.
     0 | D:1      | Reached XP level 1. HP: 10/10 MP: 6/6
   154 | D:1      | Reached XP level 2. HP: 15/15 MP: 5/8
   243 | D:1      | Learned a level 2 spell: Throw Flame
  1196 | D:1      | Reached XP level 3. HP: 19/19 MP: 2/9
  1982 | D:2      | Reached XP level 4. HP: 17/24 MP: 6/10
  2178 | D:2      | Learned a level 4 spell: Sticky Flame
  2266 | D:2      | Noticed an ogre
  2275 | D:2      | Killed an ogre
  2275 | D:2      | Reached skill level 1 in Short Blades
  2275 | D:2      | Reached XP level 5. HP: 28/28 MP: 1/11
  2440 | D:2      | Noticed Natasha
  2449 | D:2      | Killed Natasha
  2527 | D:2      | Noticed Natasha
  2536 | D:2      | Killed Natasha
  2838 | D:2      | Noticed Natasha
  2848 | D:2      | Killed Natasha
  3810 | D:3      | Reached XP level 6. HP: 28/32 MP: 0/12
  4327 | D:3      | Found a hide-covered altar of Uskayaw.
  4363 | D:3      | Noticed a +0 hand axe
  4363 | D:3      | Noticed a +0 dagger
  4488 | D:3      | Found a transporter.
  4491 | D:3      | Noticed BorisKarlOrff's ghost (amateur MiCK)
  4492 | D:3      | Found a transporter.
  4920 | D:3      | Noticed Robin
  4925 | D:3      | Killed Robin
  5147 | D:4      | Reached skill level 5 in Conjurations
  5172 | D:4      | Reached skill level 5 in Fire Magic
  5172 | D:4      | Reached XP level 7. HP: 36/36 MP: 5/14
  5242 | D:4      | Found Quczal's Antique Weapon Boutique.
  5248 | D:4      | Bought a sapphire dagger for 189 gold pieces
  5248 | D:4      | Identified the +3 dagger "Earthworm" {antimagic, rElec rC+}
                  | (You bought it in a shop on level 4 of the Dungeon)
  5547 | D:4      | Found a shadowy altar of Dithmenos.
  5696 | D:4      | Found Qiwadgh's General Store.
  5748 | D:4      | Found a radiant altar of Vehumet.
  6079 | D:5      | Entered Level 5 of the Dungeon
  6119 | D:5      | Found a glowing golden altar of the Shining One.
  6177 | D:5      | Found an iron altar of Okawaru.
  6178 | D:5      | Noticed Prince Ribbit
  6183 | D:5      | Killed Prince Ribbit
  6280 | D:5      | Reached XP level 8. HP: 25/41 MP: 0/17
  6287 | D:5      | Learned a level 5 spell: Fireball
  6291 | D:5      | Learned a level 3 spell: Inner Flame
  6574 | D:4      | Became a worshipper of Vehumet
  6631 | D:5      | Reached skill level 5 in Spellcasting
  7039 | D:5      | Noticed Eustachio
  7049 | D:5      | Killed Eustachio
  7418 | D:6      | Got a jewelled hand axe
  7421 | D:6      | Identified the +3 hand axe "Fujelud" {flame, rPois MP-9
                  | Int+5 Dex+2} (You found it on level 6 of the Dungeon)
  7912 | D:6      | Reached skill level 1 in Shields
  8140 | D:4      | Bought a potion of heal wounds for 60 gold pieces
  8140 | D:4      | Bought a scroll of amnesia for 42 gold pieces
  8317 | D:7      | Found a flagged portal.
  8419 | Bailey   | Entered a bailey
  8615 | Bailey   | Shot with a bolt by an orc warrior

Skill      XL: |  1  2  3  4  5  6  7  8 |
---------------+-------------------------+-----
Conjurations   | 2 3 4 5 6 7 |  7.3
Short Blades   | 1 2 3 |  3.3
Fire Magic     | 4 5 6 7 |  7.4
Stealth        | 3 4 |  4.2
Dodging        | 3 4 |  4.4
Spellcasting   | 4 5 |  5.0
Shields        | 2 |  2.1
Fighting       | |  0.3

Action                   |  1- 3 |  4- 6 |  7- 9 || total
-------------------------+-------+-------+-------++-------
Melee: Unarmed           |    17 |       |       ||    17
       Whip              |     3 |       |       ||     3
       Short sword       |    26 |    89 |    60 ||   175
 Cast: Flame Tongue      |    30 |    36 |    24 ||    90
       Throw Flame       |    24 |    25 |    21 ||    70
       Sticky Flame      |       |    13 |    10 ||    23
       Fireball          |       |       |     4 ||     4
  Use: Scroll            |       |     5 |     4 ||     9
 Stab: Sleeping          |     6 |     9 |     7 ||    22
       Distracted        |       |     1 |       ||     1
  Eat: Chunk             |     3 |    14 |    14 ||    31
Armor: Robe              |    10 |     7 |    10 ||    27
Dodge: Dodged            |    52 |    57 |    49 ||   158
Block: Buckler           |       |       |     3 ||     3
